 Dungeon Crawl Stone Soup version 0.18.1-1-g2f07953 (webtiles) character file.

1480 Korgoth the Protected (level 8, -6/73 HPs)
             Began as a Minotaur Berserker on May 9, 2016.
             Was an Elder of Trog.
             Mangled by a two-headed ogre
             ... wielding a cursed -2 giant club
              (10 damage)
             ... on level 7 of the Dungeon.
             The game lasted 00:46:02 (5748 turns).

Korgoth the Protected (Minotaur Berserker)          Turns: 5748, Time: 00:46:02

Health: -6/73      AC: 13    Str: 23    XL:     8   Next: 50%
Magic:  7/7        EV:  4    Int:  4    God:    Trog [****..]
Gold:   306        SH:  0    Dex: 11    Spells: 0 memorised, 7 levels left

rFire  + . .     SeeInvis .     m - +2 whip (elec)
rCold  . . .     Gourm    .     d - +0 plate armour
rNeg   . . .     Faith    .     (no shield)
rPois  .         Spirit   .     (helmet restricted)
rElec  .         Dismiss  .     (no cloak)
rCorr  .         Reflect  .     (no gloves)
SustAt .         Harm     .     (no boots)
MR     .....                    (no amulet)
Stlth  ..........               (no ring)
                                A - ring of protection from fire

@: not resistant to hostile enchantments, extremely unstealthy
A: retaliatory headbutt, horns 2
a: Berserk, Trog's Hand, Brothers in Arms, Burn Spellbooks, Renounce Religion


You were on level 7 of the Dungeon.
You worshipped Trog.
Trog was greatly pleased with you.
You were not hungry.

You visited 2 branches of the dungeon, and saw 8 of its levels.

You collected 306 gold pieces.

Inventory:

Hand Weapons
 a - a +0 mace
 b - a +0 whip
 g - a +2 spear of venom
 j - a +1 dagger of freezing
 k - a +3 dagger of speed
 l - a +0 hunting sling
 m - a +2 whip of electrocution (weapon)
 p - a +0 hand axe
 v - a cursed -2 shortbow
 C - a +2 mace of holy wrath
Missiles
 i - 72 sling bullets
 n - 133 stones (quivered)
 t - 3 curare-tipped needles
 u - 4 needles of frenzy
 F - 13 arrows
 H - 2 steel tomahawks
Armour
 d - a +0 plate armour (worn)
 N - a cursed +0 ring mail
Magical Staves
 q - a cursed staff of energy {unknown}
Jewellery
 A - a ring of protection from fire (left hand)
 G - an uncursed amulet of harm {unknown}
 I - a cursed ring of loudness {unknown}
Wands
 e - a wand of disintegration (12/24)
 y - a wand of digging (7/24)
 K - a wand of teleportation (1/9)
Scrolls
 f - 7 scrolls of identify
 h - 2 scrolls of amnesia
 o - a scroll of magic mapping {unknown}
 w - a scroll of fear {unknown}
 x - a scroll of noise
 z - a scroll of fog
 D - 2 scrolls of teleportation {unknown}
 E - 2 scrolls of enchant armour {unknown}
 J - 2 scrolls of remove curse
 L - a scroll of recharging {unknown}
Potions
 r - 4 potions of curing {unknown}
 s - a potion of agility {unknown}
 B - a potion of flight {unknown}
 M - a potion of cancellation {unknown}
Comestibles
 c - 3 bread rations


   Skills:
 * Level 7.0 Fighting
 + Level 5.8 Maces & Flails
 * Level 8.5 Armour
 * Level 5.9 Dodging
 - Level 0.3 Stealth


You had 7 spell levels left.
You didn't know any spells.

Dungeon Overview and Level Annotations

Branches:
Dungeon (7/15)             Temple (1/1) D:5

Altars:
Ashenzari
Cheibriados
Elyvilon
Fedhas
Gozag
Kikubaaqudgha
Makhleb
Nemelex Xobeh
Okawaru
Pakellas
Qazlal
Ru
Trog
Vehumet
Yredelemnul
Zin
The Shining One
Lugonu


Innate Abilities, Weirdness & Mutations

You reflexively headbutt those who attack you in melee.
You have a pair of horns on your head.


Message History

You hit the two-headed ogre but do no damage.
You headbutt the two-headed ogre!
The two-headed ogre is moderately wounded.
The orc hits you but does no damage.
The two-headed ogre hits you with a giant club!!
The two-headed ogre hits you with a giant club!
You hit the two-headed ogre.
Your headbutt misses the two-headed ogre.
The two-headed ogre is moderately wounded.
The orc hits you from afar with a trident.
You whack the two-headed ogre!
The two-headed ogre is severely wounded.
The two-headed ogre hits you with a giant club!
* * * LOW HITPOINT WARNING * * *
The two-headed ogre hits you with a giant club.
* * * LOW HITPOINT WARNING * * *
The orc hits you from afar with a trident.
* * * LOW HITPOINT WARNING * * *
The two-headed ogre hits you with a giant club!
You die...

..........
##........
........
#..r...
..o..


ooo #O# #@# #....# #.#### #. .. ## You could see a two-headed ogre, 4 orcs and a
quokka.

Vanquished Creatures
  Menkaure (D:4)
  An ice beast (D:5)
  4 sky beasts
  2 ogres
  A centaur (D:5)
  A giant frog (D:6)
  Blork the orc (D:5)
  2 hounds
  3 giant frog skeletons
  3 orc wizards
  4 worker ants (D:5)
  A worker ant zombie (D:6)
  Robin (D:2)
  6 adders
  2 adder zombies (D:6)
  2 adder skeletons (D:4)
  A worm (D:2)
  5 dart slugs
  3 giant geckos
  18 orcs
  A ball python (D:3)
  2 giant cockroaches
  2 gnoll zombies (D:5)
  15 goblins
  9 hobgoblins
  4 kobolds
  2 quokkas (D:6)
  5 bats
  4 giant newts
  A quokka zombie (D:5)
  5 rats
112 creatures vanquished.

Notes
Turn   | Place    | Note
--------------------------------------------------------------
     0 | D:1      | Korgoth the Minotaur Berserker began the quest for the Orb.
     0 | D:1      | Reached XP level 1. HP: 19/19 MP: 0/0
   506 | D:1      | Reached XP level 2. HP: 24/27 MP: 1/1
  1033 | D:2      | Found a snail-covered altar of Cheibriados.
  1047 | D:2      | Reached XP level 3. HP: 19/34 MP: 2/2
  1389 | D:2      | Reached ** piety under Trog
  1394 | D:2      | Noticed Robin
  1398 | D:2      | Reached skill level 3 in Armour
  1403 | D:2      | Killed Robin
  1701 | D:2      | Found a glowing silver altar of Zin.
  1708 | D:2      | Found a radiant altar of Vehumet.
  1734 | D:2      | Reached XP level 4. HP: 41/41 MP: 3/3
  2237 | D:3      | Found a sacrificial altar of Ru.
  2839 | D:3      | Found an oddly glowing altar of Pakellas.
  2849 | D:3      | Found a blossoming altar of Fedhas.
  2888 | D:3      | Reached *** piety under Trog
  2888 | D:3      | Reached XP level 5. HP: 47/47 MP: 4/4
  3333 | D:4      | Got a faintly humming helmet
  3420 | D:4      | Found a glowing golden altar of the Shining One.
  3501 | D:4      | Noticed Menkaure
  3506 | D:4      | Killed Menkaure
  3506 | D:4      | Reached skill level 5 in Fighting
  3506 | D:4      | Reached skill level 4 in Armour
  3567 | D:4      | Reached XP level 6. HP: 56/56 MP: 5/5
  3655 | D:4      | Found a stormy altar of Qazlal.
  3665 | D:4      | Found a shattered altar of Ashenzari.
  3811 | D:5      | Entered Level 5 of the Dungeon
  3811 | D:5      | Noticed a sky beast
  3830 | D:5      | Killed a sky beast
  3830 | D:5      | Reached skill level 5 in Armour
  3962 | D:5      | Reached skill level 5 in Dodging
  3975 | D:5      | Noticed Blork the orc
  3985 | D:5      | Reached XP level 7. HP: 51/62 MP: 6/6
  3997 | D:5      | Killed Blork the orc
  4074 | D:5      | Found an iron altar of Okawaru.
  4129 | D:5      | Reached skill level 6 in Armour
  4191 | D:5      | Reached skill level 5 in Maces & Flails
  4478 | D:5      | Found a staircase to the Ecumenical Temple.
  4485 | Temple   | Entered the Ecumenical Temple
  4748 | D:5      | Reached skill level 7 in Armour
  4847 | D:5      | Reached XP level 8. HP: 71/71 MP: 7/7
  4876 | D:5      | Found a basalt altar of Yredelemnul.
  5213 | D:6      | Reached **** piety under Trog
  5241 | D:6      | Reached skill level 8 in Armour
  5250 | D:6      | Found an ancient bone altar of Kikubaaqudgha.
  5740 | D:7      | Noticed a two-headed ogre
  5748 | D:7      | Mangled by a two-headed ogre

Skill      XL: |  1  2  3  4  5  6  7  8 |
---------------+-------------------------+-----
Fighting       | 4 5 6 7 |  7.0
Maces & Flails | 4 5 |  5.8
Armour         | 3 4 5 7 8 |  8.5
Dodging        | 3 4 5 |  5.9
Stealth        | |  0.3

Action                   |  1- 3 |  4- 6 |  7- 9 || total
-------------------------+-------+-------+-------++-------
Melee: Mace              |    72 |    43 |       ||   115
       Headbutt          |     9 |    12 |    18 ||    39
       Whip              |       |    53 |   136 ||   189
Throw: Stone             |       |       |     2 ||     2
Invok: Burn Spellbooks   |       |     1 |       ||     1
  Use: Scroll            |       |     5 |       ||     5
  Eat: Chunk             |     1 |     4 |     4 ||     9
       Pizza             |     1 |       |       ||     1
       Bread ration      |       |     1 |       ||     1
Armor: Animal skin       |     4 |       |       ||     4
       Leather armour    |     9 |     1 |       ||    10
       Ring mail         |       |    21 |       ||    21
       Plate armour      |       |    32 |    56 ||    88
Dodge: Dodged            |    48 |    35 |    58 ||   141
